Map: Wieczne Imperium ER

Players

IIIIIIIIIIII - Winner!

  • Race: Terran Terran
  • Spawn Location: 1:00

kers

  • Race: Protoss Protoss
  • League: Platinum
  • Spawn Location: 7:00

VOD

Have the link to the VOD?

Description

Time

  • Played on: March 4, 2020, 2:04 p.m.
  • Length: 11:27
Show
View Real Time Build Order
Export as new Build Order

IIIIIIIIIIII Terran - Winner!

Build Orders: Liberator Opening 

Get SALT Encoding   

  12  0:01  SCV  
  13  0:14  SCV  
  14  0:21  Supply Depot  
  14  0:26  SCV  
  15  0:31  Refinery  
  15  0:46  Barracks  
  15  0:49  SCV  
  16  0:58  Refinery  
  16  1:14  SCV  
  16  1:15  Supply Depot  
  17  1:35  Factory  
  17  1:42  SCV  
  18  1:54  SCV  
  19  2:06  SCV  
  20  2:09  Marine  
  21  2:19  Factory Reactor  
  21  2:31  Starport  
  21  2:47  SCV  
  22  2:54  Supply Depot  
  22  2:56  Widow Mine x2  
  26  2:59  SCV  
  27  3:16  Liberator  
  27  3:17  Widow Mine x2  
  34  3:26  Fusion Core  
  34  3:44  Widow Mine x2  
  28  4:32  Widow Mine  
  28  4:33  Widow Mine  
  28  4:34  Starport Tech Lab  
  28  4:37  Weapon Refit  
  30  4:48  Marine  
  28  5:06  Marine  
  29  5:13  Orbital Command  
  29  5:24  Marine  
  25  5:40  Battlecruiser  
  25  5:41  Marine  
  32  5:42  Bunker  
  32  5:46  Engineering Bay  
  31  6:04  Barracks  
  32  6:07  Barracks, Barracks Tech Lab  
  31  6:22  Missile Turret  
  31  6:44  Battlecruiser  
  31  6:45  Missile Turret  
  37  6:55  Supply Depot  
  37  7:18  Supply Depot  
  37  7:58  Battlecruiser  
  43  8:02  Barracks Reactor x2  
  37  8:57  Marine  
  37  8:58  Marine x4  
  42  9:15  Marine x2  
  42  9:16  Marine x3  
  47  9:33  Marine x3  
  47  9:34  Marine x2  
  46  9:45  Battlecruiser  
  52  9:51  Marine  
  53  10:16  Marine x2  
  55  10:36  Marine  
  55  10:40  Marine  
  55  10:41  Marine  
  55  10:42  Marine x2  
  50  10:53  Marine  
  50  11:00  Marine x2  
  50  11:03  Marine  
Show
View Real Time Build Order
Export as new Build Order

kers Protoss 

Build Orders: 1 Gate Expand 

Get SALT Encoding   

  12  0:01  Probe  
  13  0:13  Probe  
  14  0:19  Pylon  
  14  0:25  Probe  
  15  0:37  Probe  
  15  0:39  Gateway  
  16  0:49  Probe  
  17  0:52  Assimilator  
  17  1:01  Probe  
  18  1:13  Probe  
  20  1:25  Probe  
  20  1:29  Nexus  
  20  1:37  Probe  
  21  1:41  Cybernetics Core  
  21  1:54  Probe, Pylon  
  22  2:06  Probe  
  23  2:16  Warp Gate (Chrono Boost)  
  23  2:17  Adept  
  23  2:19  Probe  
  26  2:31  Probe  
  26  2:33  Robotics Facility  
  27  2:37  Assimilator  
  27  2:43  Probe  
  28  2:46  Probe, Adept (Chrono Boost)  
  31  2:55  Probe  
  31  2:58  Probe  
  33  3:07  Probe  
  33  3:08  Gateway  
  33  3:10  Probe  
  33  3:11  Gateway  
  35  3:20  Immortal (Chrono Boost)  
  40  3:33  Pylon  
  39  3:35  Pylon  
  39  3:51  Observer (Chrono Boost)  
  40  4:05  Stalker x2  
  44  4:21  Observer (Chrono Boost)  
  38  4:36  Stalker x2  
  32  4:47  Zealot  
  34  5:15  Observer  
  32  5:26  Stalker x2  
  36  5:31  Probe (Chrono Boost)  
  36  5:32  Probe (Chrono Boost)  
  38  5:41  Probe x2 (Chrono Boost)  
  40  5:49  Probe (Chrono Boost)  
  42  5:52  Probe (Chrono Boost)  
  42  5:54  Gateway  
  42  5:55  Gateway  
  42  5:57  Gateway  
  42  5:59  Probe (Chrono Boost)  
  42  6:00  Gateway  
  42  6:03  Assimilator  
  42  6:04  Probe (Chrono Boost)  
  44  6:06  Probe (Chrono Boost)  
  45  6:15  Probe (Chrono Boost), Immortal  
  45  6:16  Probe (Chrono Boost)  
  51  6:25  Probe (Chrono Boost)  
  53  6:27  Probe (Chrono Boost)  
  53  6:37  Probe (Chrono Boost)  
  54  6:45  Pylon  
  54  6:47  Pylon  
  54  6:51  Pylon  
  54  7:03  Probe x2, Immortal  
  54  7:06  Stalker  
  58  7:15  Probe x2  
  56  7:20  Stalker  
  56  7:21  Stalker  
  54  7:43  Pylon  
  54  7:48  Stalker x3  
  60  7:55  Probe (Chrono Boost)  
  62  8:01  Probe (Chrono Boost), Shield Battery  
  62  8:07  Probe (Chrono Boost), Forge  
  62  8:09  Probe (Chrono Boost)  
  64  8:16  Probe  
  61  8:26  Twilight Council  
  61  8:27  Stalker x2  
  61  8:28  Stalker  
  61  8:33  Observer  
  51  8:51  Stalker x3  
  53  9:08  Stalker  
  55  9:15  Stalker  
  54  9:33  Stalker x2  
  52  10:04  Probe  
  52  10:05  Probe  
  54  10:16  Probe  
  55  10:26  Pylon  
  55  10:29  Probe x2  
  55  10:43  Stalker x2  
  49  11:00  Stalker x3  
  48  11:08  Stalker  
Tags
 
Add a new tag
Caveats
  • Supply blocks, unpowered buildings, or Contaminate may cause inaccurate times.
  • Supply counts are checked every 10 seconds.